Map: Blueshift LE

Players

Neeblet (Neeb) - Winner!

  • Race: Protoss Protoss
  • League: Grandmaster
  • Spawn Location: 1:00

Reynor

  • Race: Zerg Zerg
  • League: Grandmaster
  • Spawn Location: 7:00

Event: IEM Season 13 - Katowice Server Qualifiers Europe

VOD

Have the link to the VOD?

Description

Time

  • Played on: Jan. 8, 2019, 11:54 a.m.
  • Length: 16:31

All games in this series

Show
View Real Time Build Order
Export as new Build Order

Neeblet Protoss - Winner!

Build Orders: 1 Gate Expand, Oracle Opening, Phoenix Opening, Carriers 

Get SALT Encoding   

  12  0:00  Probe  
  13  0:12  Probe  
  14  0:18  Pylon  
  14  0:24  Probe  
  15  0:32  Probe  
  15  0:40  Probe  
  16  0:42  Gateway  
  17  0:51  Probe, Assimilator  
  18  1:03  Probe  
  19  1:15  Probe  
  20  1:24  Nexus  
  20  1:34  Cybernetics Core  
  20  1:36  Probe  
  21  1:43  Assimilator  
  21  1:49  Probe  
  21  1:51  Pylon  
  22  2:01  Probe  
  23  2:02  Adept  
  23  2:09  Probe  
  26  2:17  Probe  
  27  2:23  Stargate  
  27  2:27  Probe  
  27  2:28  Adept  
  30  2:33  Probe  
  30  2:35  Assimilator  
  31  2:38  Warp Gate  
  31  2:42  Probe, Assimilator  
  31  2:44  Probe  
  33  2:53  Probe  
  33  2:56  Probe  
  35  2:59  Phoenix  
  36  3:05  Probe  
  36  3:08  Probe  
  39  3:16  Oracle  
  39  3:17  Probe  
  39  3:18  Pylon  
  40  3:20  Probe  
  44  3:29  Probe  
  44  3:32  Probe  
  44  3:34  Gateway  
  46  3:42  Probe  
  46  3:45  Stargate, Probe  
  48  3:50  Phoenix  
  48  3:54  Probe  
  51  3:57  Probe  
  51  3:58  Pylon  
  52  4:06  Probe  
  53  4:11  Phoenix  
  53  4:12  Pylon  
  53  4:14  Gateway  
  55  4:22  Probe x2  
  57  4:29  Phoenix x2  
  56  4:34  Probe x2  
  60  4:43  Adept  
  60  4:44  Adept  
  64  4:46  Phoenix  
  64  4:50  Pylon  
  64  4:54  Phoenix  
  68  5:03  Zealot  
  70  5:10  Nexus  
  70  5:13  Pylon  
  70  5:26  Robotics Facility  
  70  5:28  Robotics Facility  
  72  5:31  Zealot  
  72  5:32  Zealot  
  74  5:36  Oracle  
  77  5:42  Shield Battery  
  77  5:43  Sentry  
  77  5:45  Probe x2  
  79  5:56  Pylon  
  79  5:57  Zealot  
  79  5:58  Zealot  
  79  6:02  Pylon  
  79  6:04  Gateway  
  79  6:06  Pylon  
  77  6:13  Immortal  
  75  6:19  Observer  
  75  6:24  Probe x2, Forge  
  82  6:26  Probe, Twilight Council  
  83  6:36  Probe x2  
  83  6:38  Sentry  
  83  6:39  Probe, Pylon  
  88  6:41  Pylon  
  88  6:43  Immortal  
  88  6:48  Probe, Immortal  
  88  6:49  Probe  
  98  6:57  Pylon  
  98  7:00  Protoss Ground Weapons Level 1  
  99  7:04  Sentry x3  
  104  7:12  Pylon  
  104  7:15  Immortal  
  107  7:20  Probe x2  
  107  7:21  Immortal  
  106  7:28  Sentry  
  106  7:29  Zealot x2  
  120  7:39  Probe  
  121  7:46  Shield Battery  
  121  7:47  Shield Battery  
  121  7:49  Shield Battery  
  119  7:52  Zealot x2, Shield Battery  
  119  7:54  Immortal, Pylon  
  119  7:56  Stalker  
  119  8:06  Immortal  
  119  8:11  Probe x2  
  121  8:14  Probe  
  121  8:17  Charge, Assimilator  
  121  8:18  Assimilator  
  122  8:22  Gateway  
  122  8:23  Probe  
  122  8:25  Gateway  
  123  8:27  Gateway  
  123  8:28  Probe  
  123  8:31  Zealot x3  
  130  8:46  Gateway  
  130  8:47  Gateway  
  128  8:52  Zealot x3, Pylon  
  128  8:53  Pylon  
  134  8:57  Observer  
  134  9:04  Probe  
  134  9:08  Protoss Ground Weapons Level 2  
  129  9:14  Zealot x3  
  129  9:15  Probe  
  129  9:16  Probe  
  121  9:25  Immortal  
  121  9:29  Templar Archives  
  120  9:32  Immortal, Pylon  
  120  9:34  Pylon  
  128  9:56  Psionic Storm  
  128  9:59  Pylon  
  128  10:01  Nexus  
  128  10:14  High Templar x2  
  128  10:15  High Templar x3  
  138  10:22  Shield Battery  
  138  10:23  Shield Battery  
  138  10:25  Probe  
  138  10:26  Probe, Shield Battery  
  138  10:27  Shield Battery  
  140  10:29  Immortal  
  140  10:30  Immortal  
  140  10:31  Pylon  
  148  10:36  High Templar x2  
  148  10:38  Zealot  
  148  10:41  Archon  
  154  10:51  Probe  
  154  10:55  Probe  
  150  10:57  Zealot  
  150  10:58  Zealot x4  
  160  11:05  Probe  
  160  11:08  Immortal  
  160  11:09  Immortal  
  169  11:12  Shield Battery  
  169  11:13  Probe x2  
  169  11:15  Shield Battery  
  171  11:19  Protoss Ground Weapons Level 3  
  171  11:23  Fleet Beacon  
  171  11:29  Assimilator  
  171  11:30  Assimilator  
  171  11:31  Probe x3  
  174  11:33  Probe  
  171  11:48  High Templar x4, Zealot  
  171  11:49  Zealot x3  
  171  11:52  Archon x2  
  187  12:09  Protoss Air Weapons Level 1, Mothership  
  187  12:22  Zealot x2  
  199  12:29  Stargate  
  199  12:47  Nexus  
  199  12:48  Pylon  
  199  12:51  Zealot x5  
  197  12:54  High Templar  
  197  12:55  High Templar x2  
  195  12:58  Photon Cannon  
  195  12:59  Photon Cannon  
  181  13:10  Carrier  
  181  13:11  Carrier  
  177  13:15  Carrier  
  187  13:34  Assimilator  
  187  13:38  Assimilator  
  184  13:47  Zealot x4  
  192  13:48  Archon  
  188  13:56  Zealot x4  
  196  14:13  Zealot  
  196  14:15  Zealot  
  199  14:23  Zealot x2  
  199  14:30  Zealot x4  
  189  14:39  Photon Cannon x2  
  189  14:40  Probe  
  189  14:41  Probe x2  
  192  14:49  High Templar x4  
  200  14:58  Archon x2  
  198  15:03  Carrier x2  
  198  15:04  Carrier  
  176  15:16  High Templar x2  
  176  15:17  High Templar x2  
  198  15:23  Nexus  
  198  15:25  Pylon  
  198  15:52  Photon Cannon  
  198  15:55  Photon Cannon  
  198  15:56  Photon Cannon  
  172  16:08  Photon Cannon  
  172  16:10  Zealot x6  
Show
View Real Time Build Order
Export as new Build Order

Reynor Zerg 

Build Orders: Hatch First, Swarm Host 

Get SALT Encoding   

  12  0:00  Drone  
  13  0:12  Overlord  
  13  0:16  Drone  
  14  0:31  Drone  
  15  0:44  Hatchery  
  15  0:48  Drone  
  15  0:51  Drone  
  15  0:54  Drone  
  17  1:00  Drone  
  18  1:08  Extractor  
  17  1:16  Spawning Pool  
  17  1:18  Drone  
  17  1:21  Drone  
  18  1:32  Drone  
  19  1:41  Drone  
  20  1:52  Overlord  
  20  1:57  Drone  
  21  2:03  Queen x2  
  21  2:04  Zergling x2  
  21  2:08  Zergling x2  
  27  2:14  Metabolic Boost  
  27  2:16  Drone  
  27  2:19  Drone  
  29  2:25  Drone  
  30  2:38  Hatchery  
  30  2:42  Drone  
  30  2:51  Queen  
  30  2:52  Overlord  
  30  2:57  Drone  
  33  3:03  Drone x2  
  33  3:05  Drone  
  36  3:08  Overlord  
  36  3:12  Zergling x4  
  38  3:18  Drone x2  
  38  3:19  Drone  
  41  3:25  Overlord  
  41  3:30  Queen, Drone  
  41  3:33  Drone  
  45  3:38  Overlord  
  45  3:43  Queen  
  45  3:44  Drone  
  48  3:51  Spore Crawler  
  48  3:52  Drone x2  
  49  3:57  Spore Crawler  
  48  4:03  Drone x3  
  48  4:04  Drone x2  
  48  4:05  Drone  
  54  4:13  Overlord  
  53  4:24  Drone  
  53  4:25  Drone x5  
  53  4:27  Drone x2  
  53  4:29  Drone  
  53  4:30  Lair  
  62  4:37  Extractor, Drone  
  62  4:38  Extractor  
  61  4:39  Roach Warren, Drone  
  61  4:46  Zergling x10  
  61  4:51  Queen  
  68  4:53  Overlord  
  68  4:58  Drone x4  
  72  5:04  Spore Crawler  
  71  5:12  Drone  
  71  5:13  Drone x3  
  75  5:17  Spore Crawler, Drone x2  
  75  5:20  Spore Crawler x2  
  74  5:22  Drone  
  74  5:23  Drone x2  
  74  5:28  Zergling x12  
  81  5:35  Drone x2  
  81  5:39  Spore Crawler  
  81  5:40  Overlord  
  79  5:43  Queen  
  80  5:53  Drone x5  
  80  5:56  Overlord  
  81  5:57  Overlord, Queen  
  81  6:09  Roach x5  
  81  6:10  Overlord  
  88  6:15  Drone x4  
  90  6:20  Queen, Extractor  
  90  6:21  Extractor  
  90  6:23  Glial Reconstitution  
  91  6:27  Roach x5  
  91  6:31  Overlord  
  91  6:32  Drone x3  
  104  6:38  Roach x2  
  108  6:45  Roach  
  108  6:50  Roach x2  
  112  6:55  Ravager x5  
  112  6:56  Zergling x2  
  112  6:58  Roach  
  112  7:00  Zergling x2  
  121  7:04  Ravager  
  121  7:06  Zergling x2  
  121  7:08  Overlord x4  
  122  7:10  Overlord  
  122  7:12  Overlord  
  122  7:13  Hatchery  
  122  7:15  Ravager  
  122  7:16  Overlord  
  122  7:22  Overlord  
  122  7:29  Zergling x12  
  123  7:30  Ravager x3  
  123  7:31  Ravager  
  123  7:33  Zergling x2  
  123  7:35  Roach x3, Zergling x4  
  130  7:45  Zergling x6  
  130  7:48  Roach x2, Zergling x4  
  134  7:55  Zergling x4  
  134  7:57  Queen x2  
  140  8:02  Roach  
  140  8:03  Zergling x4  
  140  8:04  Zergling x2  
  133  8:08  Roach x2, Zergling x2  
  126  8:14  Queen, Drone  
  126  8:17  Drone, Infestation Pit  
  126  8:18  Drone  
  110  8:23  Extractor  
  113  8:27  Roach x2  
  113  8:31  Roach x3  
  113  8:33  Roach x3  
  113  8:34  Roach x2  
  123  8:35  Queen  
  123  8:40  Roach x3  
  131  8:42  Pneumatized Carapace  
  131  8:45  Zergling x8  
  135  8:54  Zergling x2  
  135  8:55  Zergling x6  
  134  8:56  Ravager x2  
  134  8:59  Zergling x10  
  139  9:03  Ravager  
  139  9:05  Zergling x2  
  139  9:06  Queen  
  139  9:08  Zergling x6  
  142  9:14  Drone x7  
  138  9:19  Drone x2  
  138  9:23  Extractor  
  137  9:25  Evolution Chamber  
  137  9:30  Spore Crawler  
  135  9:33  Spore Crawler  
  135  9:37  Swarm Host x6  
  152  9:40  Swarm Host  
  152  9:43  Overlord  
  155  9:47  Swarm Host  
  155  9:50  Drone x4  
  155  9:51  Drone x3  
  162  9:54  Swarm Host  
  162  9:57  Swarm Host  
  162  9:58  Overlord  
  166  10:03  Swarm Host  
  169  10:11  Zerg Missile Weapons Level 1  
  169  10:12  Zergling x8  
  173  10:16  Extractor  
  173  10:17  Overlord x2  
  173  10:19  Swarm Host  
  175  10:22  Roach  
  175  10:23  Overlord  
  175  10:25  Swarm Host  
  180  10:32  Roach  
  180  10:33  Overlord  
  182  10:36  Swarm Host x2  
  182  10:38  Zergling x8  
  182  10:39  Zergling x10  
  194  10:48  Roach x4  
  197  10:56  Swarm Host x2  
  198  11:06  Roach  
  198  11:12  Ravager  
  199  11:26  Hatchery  
  189  11:50  Ravager  
  189  11:51  Ravager x7  
  189  11:53  Roach  
  199  12:03  Hydralisk Den  
  199  12:05  Hive  
  198  12:20  Zergling x4  
  198  12:21  Zergling x10  
  199  12:27  Spire, Zergling x2  
  197  12:51  Ravager x8  
  188  12:59  Roach  
  188  13:00  Roach x5  
  191  13:06  Queen  
  183  13:14  Roach  
  183  13:15  Roach x9  
  195  13:23  Roach  
  195  13:24  Zergling x18  
  198  13:31  Extractor  
  197  13:42  Greater Spire  
  185  13:54  Roach x6  
  185  13:55  Roach x6  
  198  13:58  Ravager x2  
  200  14:06  Spore Crawler, Extractor  
  192  14:30  Corruptor x4  
  197  14:45  Drone x3  
  194  15:08  Corruptor x9  
  194  15:10  Overseer x2  
  162  15:15  Zergling x18  
  162  15:17  Queen x2  
  162  15:21  Roach x2  
  167  15:23  Roach  
  167  15:25  Roach  
  169  15:31  Queen  
  169  15:32  Corruptor  
  169  15:33  Zergling x2  
  166  15:36  Roach  
  166  15:41  Corruptor x2  
  166  15:42  Zergling x2  
  167  15:44  Overlord x2  
  167  15:49  Overlord  
  151  16:01  Corruptor x4  
  151  16:02  Zergling x2  
  128  16:05  Roach x2  
  128  16:06  Roach  
  140  16:11  Roach x3  
  140  16:12  Roach, Zergling x4  

Tags
 
Add a new tag
Caveats
  • Supply blocks, unpowered buildings, or Contaminate may cause inaccurate times.
  • Supply counts are checked every 10 seconds.